 Dungeon Crawl Stone Soup version 0.25.1-2-g60ff931df9 (webtiles) character file.

Game seed: 4927253366704316184

697 Ethylacetat the Chiller (level 7, -3/55 HPs)
             Began as a Naga Ice Elementalist on Aug 29, 2020.
             Was a Follower of Cheibriados.
             Shot with an arrow by a centaur (11 damage)
             ... on level 5 of the Dungeon.
             The game lasted 00:16:06 (4678 turns).

Ethylacetat the Chiller (Naga Ice Elementalist)     Turns: 4678, Time: 00:16:07

Health: -3/55      AC:  3    Str: 17 (19) XL:     7   Next: 65%
Magic:  12/13      EV: 10    Int: 18 (20) God:    Cheibriados [*.....]
Gold:   228        SH:  0    Dex: 13 (15) Spells: 10/14 levels left

rFire    . . .     SeeInvis +   d - +1 club
rCold    . . .     Gourm    .   (no shield)
rNeg     . . .     Faith    .   a - +0 robe
rPois    +         Spirit   .   (no helmet)
rElec    .         Reflect  .   (no cloak)
rCorr    .         Harm     .   (no gloves)
MR       .....                  (no barding)
Stlth    +.........             u - amulet of magic regeneration
HPRegen  0.18/turn              f - ring of attention (curse)
MPRegen  0.38/turn              k - +6 ring of strength

@: frozen ramparts, very slow
A: large, see invisible, deformed body, poison resistance, slowness 2, slow
metabolism 1, spit poison 1, AC +2
a: Spit Poison, Bend Time, Renounce Religion


You were on level 5 of the Dungeon.
You worshipped Cheibriados.
Cheibriados was aware of your devotion.
You were hungry.

You visited 1 branch of the dungeon, and saw 5 of its levels.

You collected 228 gold pieces.

Inventory:

Hand Weapons
 d - a +1 club (weapon)
Armour
 a - a +0 robe (worn)
Jewellery
 f - a cursed ring of attention (left hand)
 k - a +6 ring of strength (right hand)
 m - a +6 ring of strength
 t - a +6 ring of strength
 u - an amulet of magic regeneration (around neck)
Wands
 p - a wand of clouds (5)
 v - a wand of iceblast (10)
Scrolls
 b - 4 scrolls of enchant weapon
 e - 6 scrolls of identify
 h - a scroll of amnesia {unknown}
 l - a scroll of fog {unknown}
 n - 2 scrolls of remove curse {unknown}
 s - a scroll of random uselessness {unknown}
Potions
 g - a potion of curing
 i - a potion of degeneration
 j - a potion of flight {unknown}
 o - 2 potions of stabbing
 q - a potion of magic {unknown}
 r - a potion of lignification {unknown}
Comestibles
 c - 11 rations


   Skills:
 - Level 0.1 Maces & Flails
 - Level 1.7 Dodging
 - Level 3.1 Stealth
 + Level 4.0 Spellcasting
 * Level 7.3 Ice Magic
 * Level 3.4 Invocations


You had 10 spell levels left.
You knew the following spells:

 Your Spells              Type           Power        Failure   Level  Hunger
a - Freeze                Ice            ####         1%          1    None
b - Frozen Ramparts       Ice            ####..       2%          3    ###....

Your spell library contained the following spells:

 Spells                   Type           Power        Failure   Level  Hunger
 Ozocubu's Armour         Chrm/Ice       ###.....     10%         3    ###....
 Hailstorm                Conj/Ice       ###.....     32%         4    ####...
 Summon Ice Beast         Ice/Summ       ###.....     32%         4    ####...


Dungeon Overview and Level Annotations

Branches:
Dungeon (5/15)
 Temple: D:4-7

Altars:
Cheibriados
Dithmenos
Elyvilon
Fedhas
Makhleb
Okawaru
Vehumet
Wu Jian
Xom
Zin

Shops:
D:4 *

Annotations:
D:4 2 transporters, kalagan's ghost, amateur GrFi


Innate Abilities, Weirdness & Mutations

You cannot wear boots.
Your serpentine skin is tough. (AC +2)
You have supernaturally acute eyesight. (SInv)
Armour fits poorly on your strangely shaped body.
Your system is resistant to poisons. (rPois)
You cover ground very slowly.
You have a slow metabolism.
You can spit poison.


Message History

Confirm with . or Enter, or press ? or * to list all spells.
Okay, then.
It was a potion of curing.
You feel better.
The centaur shoots an arrow.
The arrow hits you but does no damage.
The wall freezes the centaur. x2; The centaur shoots an arrow.
The arrow hits you!
* * * LOW HITPOINT WARNING * * *
You see here an arrow.
You feel better.
The wall freezes the centaur.
The centaur shoots an arrow.
The arrow hits you!
* * * LOW HITPOINT WARNING * * *
You feel better.
The wall freezes the centaur.
The centaur shoots an arrow.
The arrow barely misses you.
The wall freezes the centaur.
The centaur shoots an arrow.
The arrow hits you!
* * * LOW HITPOINT WARNING * * *
It was a potion of degeneration.
There was something very wrong with that liquid.
You feel weakened.
You feel dopey.
You feel clumsy.
The wall freezes the centaur.
The centaur shoots an arrow.
The arrow hits you!
You die...

#### ...c. ..... ..... ....
...... ... #....._ ##.#
######....###
####..#########.(.c(....#..
#.......##...(.@#####...#..
#.......##.###### ..#..
#..........# .###
#.......############## .._
.........####.........##....
#######..................# #
#######..........###
######.#<..# #........#


You could see a centaur.

Vanquished Creatures
  2 ogres (D:4)
  A scorpion (D:4)
  A hound (D:3)
  A quasit (D:4)
  2 orc priests (D:4)
  An iguana (D:4)
  2 orc wizards (D:4)
  A worker ant (D:4)
  Robin (D:3)
  4 gnolls (D:3)
  10 adders
  2 oozes
  2 worms
  3 dart slugs
  7 leopard geckos
  6 orcs
  A ball python (D:2)
  5 bats
  4 giant cockroaches
  16 goblins
  9 hobgoblins
  3 jackals (D:2)
  4 kobolds
  A quokka (D:4)
  5 frilled lizards
  A jackal skeleton (D:4)
  A leopard gecko skeleton (D:4)
  5 rats (D:1)
101 creatures vanquished.

Notes
Turn   | Place    | Note
-------+----------+-------------------------------------------
     0 | D:1      | Ethylacetat the Naga Ice Elementalist began the quest for
                  | the Orb.
     0 | D:1      | Reached XP level 1. HP: 15/15 MP: 3/3
    26 | D:1      | Reached XP level 2. HP: 3/22 MP: 0/5
   996 | D:1      | Reached XP level 3. HP: 28/28 MP: 6/6
  1284 | D:2      | Found a blossoming altar of Fedhas.
  1399 | D:2      | Reached skill level 5 in Ice Magic
  1568 | D:2      | Learned a level 3 spell: Frozen Ramparts
  1595 | D:2      | Found a burning altar of Makhleb.
  1625 | D:2      | Reached XP level 4. HP: 34/36 MP: 4/7
  2368 | D:3      | Reached XP level 5. HP: 41/42 MP: 6/9
  2786 | D:3      | Noticed Robin
  2798 | D:3      | Killed Robin
  3075 | D:3      | Reached skill level 6 in Ice Magic
  3174 | D:3      | Found a faded altar of an unknown god.
  3174 | D:3      | Found a faded altar of an unknown god.
  3204 | D:3      | Found a snail-covered altar of Cheibriados.
  3206 | D:3      | Found a radiant altar of Vehumet.
  3208 | D:3      | Found a white marble altar of Elyvilon.
  3214 | D:3      | Became a worshipper of Cheibriados the Contemplative
  3379 | D:3      | Reached XP level 6. HP: 49/49 MP: 5/10
  3810 | D:3      | Found a shadowy altar of Dithmenos.
  3810 | D:3      | Found an iron altar of Okawaru.
  4058 | D:4      | Found Panum's General Store.
  4066 | D:4      | Reached skill level 1 in Invocations
  4084 | D:4      | Reached * piety under Cheibriados
  4085 | D:4      | Reached XP level 7. HP: 31/55 MP: 3/12
  4088 | D:4      | Reached skill level 7 in Ice Magic
  4284 | D:4      | Found an ornate altar of the Wu Jian Council.
  4287 | D:4      | Noticed kalagan's ghost (amateur GrFi)
  4288 | D:4      | Found a transporter.
  4292 | D:4      | Found a transporter.
  4637 | D:5      | Entered Level 5 of the Dungeon
  4637 | D:5      | Found a shimmering altar of Xom.
  4669 | D:5      | Found a glowing silver altar of Zin.
  4669 | D:5      | Noticed an angel
  4678 | D:5      | Shot with an arrow by a centaur

Illustrated notes

Levels and vault maps discovered:
D:1:      dpeg_arrival_shelter, layout_rooms
D:2:      layout_basic, lemuel_doored_altar, fedhas_altar_4
D:3:      layout_loops_corners, chequers_temple_overflow_minitemple,
          gammafunk_temple_overflow_statue, small_statue_intersection,
          uniq_robin
D:4:      layout_cave_pools, overflow_temple_1_default, first_ration,
          gammafunk_ghost_arena, serial_shops, nicolae_shop_stone
D:5:      layout_rooms, grunt_temple_overflow_order_and_chaos_1

Skill      XL: |  1  2  3  4  5  6  7 |
---------------+----------------------+-----
Ice Magic      | 5 6 7 |  7.3
Spellcasting   | 3 4 |  4.0
Invocations    | 2 3 |  3.4
Maces & Flails | |  0.1
Dodging        | |  1.7
Stealth        | |  3.1

Action                   |  1- 3 |  4- 6 |  7- 9 || total
-------------------------+-------+-------+-------++-------
Melee: Unarmed           |     6 |       |       ||     6
       Club              |    30 |    38 |     5 ||    73
 Cast: Freeze            |    17 |    37 |    16 ||    70
       Frozen Ramparts   |       |     6 |     5 ||    11
 Abil: Spit Poison       |    24 |    32 |     8 ||    64
  Use: Potion            |       |       |     4 ||     4
       Scroll            |       |       |     2 ||     2
  Eat: Chunk             |     3 |     7 |     3 ||    13
Armor: Robe              |     4 |     9 |     8 ||    21
Dodge: Dodged            |    33 |    38 |    16 ||    87
